AoeStats
← 17_Neo_

Arabia

503156221Analyzed
1v1 RM · 1mo ago on Aug 30, 2026· 32m 17s· 2 players
Game mode
Random Map
Map size
Tiny (2 player)
Population
200
Speed
Normal
Resources
Standard
Victory
Conquest
Starting age
Dark Age
Ending age
Imperial Age
RankedLock teamsTeams togetherTeam positionsShared explorationLock speedFull tech treeHidden civsTurbo modeCheats
Victory
Defeat
🇩🇪 Khitans · Germany
1839
+11
🇨🇴 Maya · Colombia
1733
-11
17_Neo_
0:27 Loom
9:21 Feudal Age
9:53 Double-Bit Axe
14:52 Horse Collar
20:04 Castle Age
18:25 Gold Mining
19:22 Town Watch
20:47 Fletching
21:06 Thumb Ring
20:21 Crossbowman
21:55 Ballistics
23:02 Padded Archer Armor
23:02 Bodkin Arrow
Sir_Ragealot
6:17 Loom
9:08 Feudal Age
9:38 Double-Bit Axe
10:49 Domestication
18:10 Castle Age
16:25 Gold Mining
18:37 Light Cavalry
19:58 Bow Saw
20:44 Town Watch
24:18 Wheelbarrow
26:55 Hand Cart
31:42 Imperial Age
30:55 Scale Barding Armor
31:01 Forging
31:39 Husbandry
Connection lost

Rejoining the realm…

Still unreachable

The connection could not be restored.

Session expired

The server has moved on; the page needs a fresh start.